Map: Ley Lines

Players

Moja

  • Race: Terran Terran
  • League: Grandmaster
  • Spawn Location: 7:00

Remarcable (uThermal) - Winner!

  • Race: Terran Terran
  • League: Grandmaster
  • Spawn Location: 1:00

Event: HomeStory Cup XXVII

VOD

Have the link to the VOD?

Description

Time

  • Played on: June 28, 2025, 7:56 a.m.
  • Length: 5:38

All games in this series

Show
View Real Time Build Order
Export as new Build Order

Moja Terran 

Build Orders:  

Get SALT Encoding   

  12  0:00  SCV  
  13  0:12  SCV  
  14  0:16  Supply Depot  
  14  0:24  SCV  
  15  0:38  SCV  
  15  0:40  Barracks  
  16  0:43  Refinery  
  16  0:50  SCV  
  17  1:00  Barracks  
  18  1:04  SCV  
  18  1:10  Refinery  
  18  1:16  SCV  
  19  1:26  Reaper  
  19  1:32  Orbital Command  
  20  1:43  Supply Depot  
  20  1:48  Reaper  
  21  1:57  SCV  
  21  2:00  Reaper  
  23  2:09  SCV  
  23  2:10  Factory  
  24  2:20  Reaper  
  24  2:21  SCV  
  26  2:29  Supply Depot  
  26  2:33  SCV  
  26  2:35  Reaper  
  28  2:45  SCV  
  29  2:53  Reaper  
  29  2:56  Hellion  
  29  2:58  SCV  
  33  3:05  Command Center  
  33  3:10  SCV  
  34  3:17  Starport  
  34  3:19  Factory Tech Lab  
  34  3:22  Barracks Reactor  
  34  3:24  SCV  
  35  3:31  Supply Depot  
  35  3:37  SCV  
  35  3:42  Cyclone  
  33  3:55  SCV  
  26  4:08  SCV  
  26  4:09  Marine x2  
  26  4:21  SCV  
  25  4:27  Siege Tank, Medivac  
  30  4:35  Orbital Command  
  30  4:38  SCV  
  31  4:47  Marine x2  
  31  4:50  SCV  
  34  4:58  Barracks Tech Lab  
  34  5:02  SCV  
  34  5:03  SCV  
  34  5:06  Siege Tank  
  40  5:15  Marine  
Show
View Real Time Build Order
Export as new Build Order

Remarcable Terran - Winner!

Build Orders:  

Get SALT Encoding   

  12  0:00  SCV  
  13  0:12  SCV  
  14  0:17  Supply Depot  
  14  0:24  SCV  
  15  0:38  SCV  
  15  0:39  Barracks  
  16  0:42  Refinery  
  16  0:50  SCV  
  16  0:52  Refinery  
  17  1:02  SCV  
  18  1:14  SCV  
  19  1:27  Orbital Command, Reaper, Supply Depot  
  20  1:40  Factory  
  20  1:52  SCV  
  21  1:59  Barracks Reactor  
  21  2:04  SCV  
  22  2:16  SCV  
  22  2:22  Command Center  
  23  2:26  Hellion  
  24  2:30  SCV  
  24  2:35  Reaper x2  
  26  2:41  Supply Depot  
  26  2:42  SCV  
  27  2:48  Hellion  
  29  2:54  Command Center  
  29  2:56  SCV  
  30  3:07  Reaper x2  
  30  3:08  SCV  
  30  3:12  Hellion  
  35  3:19  Supply Depot  
  35  3:20  SCV  
  35  3:26  Starport  
  36  3:33  Hellion, SCV  
  39  3:41  Reaper x2  
  41  3:45  SCV  
  42  3:54  Hellion  
  40  4:02  SCV  
  37  4:13  Reaper  
  37  4:16  SCV  
  39  4:20  Reaper  
  39  4:21  Hellion  
  40  4:28  SCV  
  41  4:33  Orbital Command  
  41  4:40  SCV  
  41  4:42  Factory Tech Lab  
  42  4:51  Supply Depot  
  42  4:52  SCV  
  43  4:56  Viking x2  
  43  4:59  SCV  
  48  5:00  Refinery  
  48  5:02  Siege Tank  
  48  5:04  SCV  
  52  5:10  Refinery  
  52  5:11  SCV  
  53  5:17  SCV  
Tags
 
Add a new tag
Caveats
  • Supply blocks, unpowered buildings, or Contaminate may cause inaccurate times.
  • Supply counts are checked every 10 seconds.